Reign vs Wolves

Created - January 12, 2023 at 19:16

Goals
1 2 3 OT1 SO T
Reign 2 2 1 0 1 6
Wolves 1 2 2 0 0 5
Shots
1 2 3 OT1 SO T
Reign 10 14 8 3 3 35
Wolves 9 15 14 4 3 42

1st period

1. Wolves , Frederick Gaudreau 10 (Alexandre Grenier 1) at 0:41 (SH)
2. Reign , Patrik Laine 7 (Jason Robertson 5, Christian Dvorak 13) at 1:21 (PP)
3. Reign , Roope Hintz 12 (Thomas Chabot 21, Patrik Laine 9) at 12:49 (PP)

Penalties :
Cedric Paquette (Chi) for Roughing (Minor) at 0:32, Fredrik Olofsson (Chi) for Roughing (Minor) at 1:56, Thomas Spelling (Chi) for Interference (Minor) at 12:33

2nd period

4. Reign , Tomas Jurco 9 (Thomas Chabot 22, Pavel Zacha 12) at 7:23
5. Reign , Matthew Tkachuk 18 (Thomas Chabot 23, Roope Hintz 17) at 9:34
6. Wolves , Thomas Spelling 11 (Cedric Paquette 18) at 11:07
7. Wolves , Eric Robinson 13 (Alexandre Grenier 2, Frederick Gaudreau 15) at 15:05

Penalties :
Jakob Chychrun (Ont) for Roughing (Minor) at 3:43, Alexandre Grenier (Chi) for Holding (Minor) at 7:12, Nick Suzuki (Ont) for Holding (Minor) at 7:16

3rd period

8. Wolves , Fredrik Olofsson 8 (Samuel Girard 10, Antti Suomela 13) at 9:10
9. Wolves , Jonah Gadjovich 2 (Jake Evans 19) at 15:01
10. Reign , Matthew Tkachuk 19 (Pavel Zacha 13, Nicolas Hague 5) at 18:29

Penalties :
Fredrik Olofsson (Chi) for Tripping (Minor) at 2:25, Jalen Chatfield (Chi) for Slashing (Minor) at 4:20, Jakob Chychrun (Ont) for High sticking (Minor) at 15:44, Nick Suzuki (Ont) for Tripping (Minor) at 19:12

Overtime #1

No Goal

Penalties :
No Penalty

Shootout

Reign, Nick Suzuki - Stopped by Ukko-Pekka Luukkonen
Wolves, Alexandre Grenier - Stopped by Ilya Samsonov
Reign, Pavel Zacha - Shot Misses the Net
Wolves, Frederick Gaudreau - Stopped by Ilya Samsonov
Reign, Darroll Powe - Goal!
Wolves, Cedric Paquette - Stopped by Ilya Samsonov

Penalties :
No Penalty

Goalie Stats

Ilya Samsonov (Ont), 37 saves from 42 shots - (0.881), W, 13-7-3, 65:00 minutes
Ebbe Siönäs (Chi), 15 saves from 19 shots - (0.789), 29:34 minutes
Ukko-Pekka Luukkonen (Chi), 15 saves from 16 shots - (0.938), OTL, 1-2-2, 35:26 minutes

Players Stats for Reign

Player Name              G  A  P  +/- PIM S  H  SB GA TA FO     MP     PP MP  PK MP  
------------------------------------------------------------------------------------
Caleb Jones              0  0  0   1  0   0  0  0  0  0  0/0     5:53   0:00   0:00 
Charlie McAvoy           0  0  0   1  0   0  1  3  0  0  0/0    24:42   3:22   2:29 
Christian Dvorak         0  1  1  -1  0   1  2  1  1  0  6/11   14:53   3:22   1:14 
Darroll Powe             0  0  0  -2  0   1  1  1  0  0  11/24  17:14   0:39   1:56 
Dylan Blujus             0  0  0  -1  0   3  2  1  0  0  0/0    19:18   0:00   2:25 
Henri Jokiharju          0  0  0  -2  0   0  0  1  0  1  0/0    13:30   0:00   3:32 
J.T. Brown               0  0  0   0  0   2  4  2  0  0  0/0    13:57   0:30   2:21 
Jakob Chychrun           0  0  0  -2  4   2  0  0  0  0  0/0    20:57   3:40   0:00 
Jason Robertson          0  1  1   0  0   2  0  0  0  0  0/1    14:19   3:39   0:00 
Joel Eriksson Ek         0  0  0   0  0   0  4  1  0  0  6/12   14:35   0:00   2:34 
Josh Anderson            0  0  0   0  0   2  0  0  0  0  0/0    11:49   0:00   1:00 
Matthew Tkachuk          2  0  2  -2  0   4  3  1  1  1  1/2    18:57   2:53   0:04 
Michael Anderson         0  0  0   1  0   0  0  0  0  0  0/0     5:53   0:00   0:00 
Nick Suzuki              0  0  0   0  4   4  0  0  1  1  4/9    13:51   2:52   0:00 
Nicolas Hague            0  1  1  -2  0   0  0  1  0  1  0/0    13:30   0:00   3:32 
Patrik Laine             1  1  2  -1  0   2  1  0  0  0  0/0    14:02   3:39   0:00 
Pavel Zacha              0  2  2  -2  0   2  2  1  2  0  5/7    19:54   3:14   0:00 
Roope Hintz              1  1  2   0  0   5  1  0  0  0  2/7    16:34   3:39   0:04 
Thomas Chabot            0  3  3   0  0   1  0  3  1  1  0/0    22:40   3:40   0:04 
Tomas Jurco              1  0  1   1  0   4  0  0  1  1  1/1    15:32   0:00   1:37 
Trevor Moore             0  0  0   0  0   0  0  0  0  0  0/0     0:00   0:00   0:00 

Players Stats for Wolves

Player Name              G  A  P  +/- PIM S  H  SB GA TA FO     MP     PP MP  PK MP  
------------------------------------------------------------------------------------
Alexandre Grenier        0  2  2   1  2   3  2  0  0  1  10/14  27:32   2:47   4:06 
Antti Suomela            0  1  1   1  0   1  3  0  1  0  6/9    10:07   0:00   0:00 
Cedric Paquette          0  1  1   1  2   2  0  1  0  0  6/14   15:59   2:02   1:43 
Corey Shueneman          0  0  0   2  0   0  2  3  0  2  0/0    22:31   2:02   3:05 
Dylan Coghlan            0  0  0  -1  0   0  0  1  0  0  0/0     8:55   0:00   0:00 
Eric Robinson            1  0  1   1  0   7  2  0  1  0  0/0    20:16   2:33   0:29 
Frederick Gaudreau       1  1  2   1  0   6  1  1  0  0  11/23  28:39   2:43   4:04 
Fredrik Olofsson         1  0  1   1  4   1  1  0  0  0  0/0    10:46   0:00   0:23 
Hayden Hodgson           0  0  0   1  0   1  1  0  0  0  0/1    12:15   2:02   0:00 
Jack Ahcan               0  0  0   1  0   0  0  0  0  1  0/0     3:16   0:00   0:00 
Jake Evans               0  1  1   0  0   2  1  0  0  0  3/5     7:37   0:00   0:00 
Jakub Zboril             0  0  0   0  0   3  1  0  1  1  0/0    30:18   2:47   3:57 
Jalen Chatfield          0  0  0   0  2   1  1  2  1  0  0/0    29:27   2:47   2:43 
Jonah Gadjovich          1  0  1   0  0   4  2  0  0  0  0/0     7:37   0:00   0:00 
Kyle Capobianco          0  0  0   1  0   0  0  0  0  0  0/0     3:50   0:00   0:34 
Liam O'Brien             0  0  0  -2  0   0  0  0  0  0  1/4     2:23   0:14   0:00 
Maksim Sushko            0  0  0   0  0   0  0  0  0  0  0/0     7:37   0:00   0:00 
Matthew Kiersted         0  0  0  -1  0   0  0  0  0  1  0/0     9:34   0:00   0:39 
Parker Kelly             0  0  0   0  0   0  1  0  0  0  0/2     1:29   0:00   1:13 
Samuel Girard            0  1  1   2  0   3  0  1  2  1  0/0    22:31   2:02   3:05 
Sasha Chmelevski         0  0  0  -1  0   1  0  0  0  0  1/1     1:49   0:04   0:00 
Stelio Mattheos          0  0  0   0  0   0  0  0  0  0  0/0     0:00   0:00   0:00 
Thomas Spelling          1  0  1   1  2   3  0  1  0  0  0/0    16:18   2:02   2:02 
Wade Allison             0  0  0   1  0   4  2  0  0  0  0/1    10:07   0:00   0:00 

3 Stars

1 - Matthew Tkachuk (Ont)
2 - Frederick Gaudreau (Chi)
3 - Thomas Chabot (Ont)

Power Play

Reign - 2 on 6 Attempt(s) - 33.33%
Wolves - 0 on 4 Attempt(s) - 0.00%

Penalty Kill

Reign - 4 on 4 Attempt(s) - 100.00% - Score 0 goal in Penalty Kill
Wolves - 4 on 6 Attempt(s) - 66.67% - Score 1 goal in Penalty Kill

Team Stat

Reign - Hits : 21 - Faceoff Wins : 36 - Blocked Shots : 16 - Penalty Minutes : 8
Wolves - Hits : 20 - Faceoff Wins : 38 - Blocked Shots : 10 - Penalty Minutes : 12

Official

Referees : Dean Morton and Tim Peel
Linesman : Travis Toomey and Travis Gawryletz

Game Notes

Ukko-Pekka Luukkonen enters game at 9:34 of 2nd period

Finance

Level 1 -- Attendance: 1972 (98.60%) -- Ticket Income $69,020
Level 2 -- Attendance: 946 (94.60%) -- Ticket Income $14,190
Total Attendance: 2918 (97.27%)
Total Ticket Income: $83,210
Other Income: $4,160
Total Income: $87,370

Reign

5 vs 5 Forward 
   Center                   Left Wing                Right Wing               Time % Phy DF OF 
 1 Darroll Powe             Pavel Zacha              Matthew Tkachuk          30     1   2  2  
 2 Christian Dvorak         Roope Hintz              Patrik Laine             25     1   2  2  
 3 Joel Eriksson Ek         Jason Robertson          J.T. Brown               25     1   2  2  
 4 Nick Suzuki              Tomas Jurco              Josh Anderson            20     1   2  2  

5 vs 5 Defense 
   Defense                  Defense                                           Time % Phy DF OF 
 1 Charlie McAvoy           Thomas Chabot                                     35     0   2  3  
 2 Dylan Blujus             Jakob Chychrun                                    35     0   2  3  
 3 Henri Jokiharju          Nicolas Hague                                     20     1   3  1  
 4 Michael Anderson         Caleb Jones                                       10     1   3  1  

PowerPlay Forward 
   Center                   Left Wing                Right Wing               Time % Phy DF OF 
 1 Nick Suzuki              Pavel Zacha              Matthew Tkachuk          55     1   2  2  
 2 Roope Hintz              Jason Robertson          Patrik Laine             45     1   2  2  

PowerPlay Defense
   Defense                  Defense                                           Time % Phy DF OF 
 1 Thomas Chabot            Jakob Chychrun                                    55     1   2  2  
 2 Christian Dvorak         Charlie McAvoy                                    45     1   2  2  

Penalty Kill 4 Players Forward 
   Center                   Wing                     Time % Phy DF OF 
 1 Joel Eriksson Ek         J.T. Brown               60     1   2  2  
 2 Darroll Powe             Josh Anderson            40     1   2  2  

Penalty Kill 4 Players Defense
   Defense                  Defense                  Time % Phy DF OF 
 1 Henri Jokiharju          Nicolas Hague            60     1   2  2  
 2 Dylan Blujus             Charlie McAvoy           40     1   2  2  

Penalty Kill - 3 Players Forward 
   Forward                                           Time % Phy DF OF 
 1 Darroll Powe                                      60     1   2  2  
 2 Joel Eriksson Ek                                  40     1   2  2  

Penalty Kill - 3 Players Defense
   Defense                  Defense                  Time % Phy DF OF 
 1 Nicolas Hague            Henri Jokiharju          60     1   2  2  
 2 Charlie McAvoy           Dylan Blujus             40     1   2  2  

4 vs 4 Forward 
   Center                   Wing                     Time % Phy DF OF 
 1 Pavel Zacha              Tomas Jurco              60     1   2  2  
 2 Roope Hintz              Matthew Tkachuk          40     1   2  2  

4 vs 4 Defense
   Defense                  Defense                  Time % Phy DF OF 
 1 Charlie McAvoy           Thomas Chabot            60     1   2  2  
 2 Jakob Chychrun           Dylan Blujus             40     1   2  2  

Last Minutes Offensive
   Center                   Left Wing                Right Wing               Defense                  Defense                  
   Pavel Zacha              Roope Hintz              Matthew Tkachuk          Jakob Chychrun           Thomas Chabot            

Last Minutes Defensive
   Center                   Left Wing                Right Wing               Defense                  Defense                  
   Joel Eriksson Ek         Roope Hintz              Matthew Tkachuk          Charlie McAvoy           Nicolas Hague            

Goaltenders
Starting : Ilya Samsonov            
Backup : Cayden Primeau           

Extra Forwards
Normal : Nick Suzuki, Darroll Powe, Joel Eriksson Ek - PP : Darroll Powe, J.T. Brown - PK : Tomas Jurco
Extra Defensemen
Normal : Jakob Chychrun, Nicolas Hague, Henri Jokiharju - PP : Jakob Chychrun - PK : Thomas Chabot, Jakob Chychrun
Penalty Shots
Nick Suzuki, Pavel Zacha, Darroll Powe, Patrik Laine, Joel Eriksson Ek

Scratches
Brett Kulak (Broken Ribs Injury), Vladimir Tkachev (Healthy), Brandon Biro (Healthy), Tom Kuhnhackl (Healthy), Austin Czarnik (Healthy)
Cal Petersen (Healthy)

Wolves

5 vs 5 Forward 
   Center                   Left Wing                Right Wing               Time % Phy DF OF 
 1 Frederick Gaudreau       Eric Robinson            Alexandre Grenier        40     1   2  2  
 2 Cedric Paquette          Hayden Hodgson           Thomas Spelling          30     1   2  2  
 3 Antti Suomela            Fredrik Olofsson         Wade Allison             20     1   2  2  
 4 Jake Evans               Jonah Gadjovich          Maksim Sushko            10     1   2  2  

5 vs 5 Defense 
   Defense                  Defense                                           Time % Phy DF OF 
 1 Jalen Chatfield          Jakub Zboril                                      40     1   2  2  
 2 Corey Shueneman          Samuel Girard                                     30     1   2  2  
 3 Dylan Coghlan            Matthew Kiersted                                  20     1   2  2  
 4 Kyle Capobianco          Jack Ahcan                                        10     1   2  2  

PowerPlay Forward 
   Center                   Left Wing                Right Wing               Time % Phy DF OF 
 1 Frederick Gaudreau       Eric Robinson            Alexandre Grenier        60     1   2  2  
 2 Cedric Paquette          Hayden Hodgson           Thomas Spelling          40     1   2  2  

PowerPlay Defense
   Defense                  Defense                                           Time % Phy DF OF 
 1 Jalen Chatfield          Jakub Zboril                                      60     1   2  2  
 2 Corey Shueneman          Samuel Girard                                     40     1   2  2  

Penalty Kill 4 Players Forward 
   Center                   Wing                     Time % Phy DF OF 
 1 Alexandre Grenier        Frederick Gaudreau       60     1   2  2  
 2 Cedric Paquette          Thomas Spelling          40     1   2  2  

Penalty Kill 4 Players Defense
   Defense                  Defense                  Time % Phy DF OF 
 1 Jalen Chatfield          Jakub Zboril             60     1   2  2  
 2 Corey Shueneman          Samuel Girard            40     1   2  2  

Penalty Kill - 3 Players Forward 
   Forward                                           Time % Phy DF OF 
 1 Alexandre Grenier                                 60     1   2  2  
 2 Frederick Gaudreau                                40     1   2  2  

Penalty Kill - 3 Players Defense
   Defense                  Defense                  Time % Phy DF OF 
 1 Jalen Chatfield          Jakub Zboril             60     1   2  2  
 2 Corey Shueneman          Samuel Girard            40     1   2  2  

4 vs 4 Forward 
   Center                   Wing                     Time % Phy DF OF 
 1 Alexandre Grenier        Frederick Gaudreau       60     1   2  2  
 2 Cedric Paquette          Thomas Spelling          40     1   2  2  

4 vs 4 Defense
   Defense                  Defense                  Time % Phy DF OF 
 1 Jalen Chatfield          Jakub Zboril             60     1   2  2  
 2 Corey Shueneman          Samuel Girard            40     1   2  2  

Last Minutes Offensive
   Center                   Left Wing                Right Wing               Defense                  Defense                  
   Frederick Gaudreau       Eric Robinson            Alexandre Grenier        Jalen Chatfield          Jakub Zboril             

Last Minutes Defensive
   Center                   Left Wing                Right Wing               Defense                  Defense                  
   Frederick Gaudreau       Eric Robinson            Alexandre Grenier        Jalen Chatfield          Jakub Zboril             

Goaltenders
Starting : Ebbe Siönäs              
Backup : Ukko-Pekka Luukkonen     

Extra Forwards
Normal : Liam O'Brien, Sasha Chmelevski, Parker Kelly - PP : Liam O'Brien, Sasha Chmelevski - PK : Parker Kelly
Extra Defensemen
Normal : Dylan Coghlan, Matthew Kiersted, Kyle Capobianco - PP : Dylan Coghlan - PK : Matthew Kiersted, Kyle Capobianco
Penalty Shots
Alexandre Grenier, Frederick Gaudreau, Cedric Paquette, Thomas Spelling, Antti Suomela

Scratches
Kyle Rau (Suspend)

% Time on Ice - Reign

Lines # - Real PCT - Wanted PCT - Time Play
Normal Forward
1 - 30% - 30% - 13:43
2 - 23% - 25% - 10:42
3 - 24% - 25% - 11:00
4 - 23% - 20% - 10:49
Normal Defense
1 - 34% - 35% - 15:34
2 - 35% - 35% - 15:58
3 - 19% - 20% - 8:49
4 - 13% - 10% - 5:53
PP Forward
1 - 48% - 55% - 3:23
2 - 52% - 45% - 3:39
PP Defense
1 - 52% - 55% - 3:40
2 - 48% - 45% - 3:22
PK Forward
1 - 78% - 60% - 3:45
2 - 22% - 40% - 1:04
PK Defense
1 - 59% - 60% - 2:50
2 - 41% - 40% - 1:59
PK3 Forward
1 - 96% - 60% - 1:09
2 - 4% - 40% - 0:03
PK3 Defense
1 - 64% - 60% - 0:46
2 - 36% - 40% - 0:26
44 Forward
1 - 64% - 60% - 3:39
2 - 36% - 40% - 2:04
44 Defense
1 - 79% - 60% - 4:31
2 - 21% - 40% - 1:12
Last Minute Offensive  - 0:00
Last Minute Defensive  - 0:00
Total
Forward - 65:00
Defense - 65:00

% Time on Ice - Wolves

Lines # - Real PCT - Wanted PCT - Time Play
Normal Forward
1 - 38% - 40% - 17:36
2 - 24% - 30% - 10:54
3 - 22% - 20% - 10:07
4 - 16% - 10% - 7:37
Normal Defense
1 - 41% - 40% - 19:07
2 - 32% - 30% - 14:56
3 - 19% - 20% - 8:55
4 - 7% - 10% - 3:16
PP Forward
1 - 58% - 60% - 2:47
2 - 42% - 40% - 2:02
PP Defense
1 - 58% - 60% - 2:47
2 - 42% - 40% - 2:02
PK Forward
1 - 71% - 60% - 4:56
2 - 29% - 40% - 2:02
PK Defense
1 - 57% - 60% - 3:57
2 - 43% - 40% - 3:01
PK3 Forward
1 - 100% - 60% - 0:04
2 - 0% - 40% - 0:00
PK3 Defense
1 - 0% - 60% - 0:00
2 - 100% - 40% - 0:04
44 Forward
1 - 80% - 60% - 5:34
2 - 20% - 40% - 1:21
44 Defense
1 - 64% - 60% - 4:27
2 - 36% - 40% - 2:28
Last Minute Offensive  - 0:00
Last Minute Defensive  - 0:00
Total
Forward - 65:00
Defense - 65:00

Play-by-Play

1st period


0:01 of 1st period - Frederick Gaudreau wins face-off versus Darroll Powe in neutral zone.
0:10 of 1st period - Wrist shot by Frederick Gaudreau.
0:10 of 1st period - Stopped by Ilya Samsonov without a rebound.
0:11 of 1st period - Christian Dvorak wins face-off versus Cedric Paquette in Reign zone.
0:26 of 1st period - Snap shot by Roope Hintz.
0:26 of 1st period - Stopped by Ebbe Siönäs with a rebound.
0:32 of 1st period - Minor Penalty to Cedric Paquette for Roughing.
0:33 of 1st period - Alexandre Grenier wins face-off versus Nick Suzuki in Wolves zone.
0:33 of 1st period - Alexandre Grenier is hit by Matthew Tkachuk.
0:41 of 1st period - Wrist shot by Frederick Gaudreau.
0:41 of 1st period - Goal by Frederick Gaudreau - Reign : 0 - Wolves : 1.
0:42 of 1st period - Roope Hintz wins face-off versus Parker Kelly in neutral zone.
1:21 of 1st period - Slapshot by Patrik Laine.
1:21 of 1st period - Goal by Patrik Laine - Reign : 1 - Wolves : 1.
1:22 of 1st period - Nick Suzuki wins face-off versus Frederick Gaudreau in neutral zone.
1:31 of 1st period - Wrist shot by Tomas Jurco.
1:31 of 1st period - Stopped by Ebbe Siönäs with a rebound.
1:33 of 1st period - Snap shot by Josh Anderson.
1:33 of 1st period - Stopped by Ebbe Siönäs without a rebound.
1:34 of 1st period - Antti Suomela wins face-off versus Joel Eriksson Ek in Wolves zone.
1:56 of 1st period - Minor Penalty to Fredrik Olofsson for Roughing.
1:57 of 1st period - Alexandre Grenier wins face-off versus Nick Suzuki in Wolves zone.
3:40 of 1st period - Christian Dvorak is hit by Parker Kelly and loses puck.
3:45 of 1st period - Snap shot by Eric Robinson.
3:45 of 1st period - Shot Blocked by Charlie McAvoy.
3:56 of 1st period - Penalty to Fredrik Olofsson is over, Fredrik Olofsson is back on ice.
4:19 of 1st period - Slapshot by Jakub Zboril.
4:19 of 1st period - Shot Misses the Net.
5:03 of 1st period - Wrist shot by Jake Evans.
5:03 of 1st period - Stopped by Ilya Samsonov with a rebound.
5:05 of 1st period - Slapshot by Matthew Kiersted.
5:05 of 1st period - Shot Misses the Net.
5:36 of 1st period - Icing by Patrik Laine.
5:37 of 1st period - Cedric Paquette wins face-off versus Darroll Powe in Reign zone.
5:50 of 1st period - Nick Suzuki is hit by Jonah Gadjovich and loses puck.
6:15 of 1st period - Nick Suzuki is hit by Hayden Hodgson and loses puck.
6:36 of 1st period - Nick Suzuki is hit by Frederick Gaudreau.
6:48 of 1st period - Snap shot by Nick Suzuki.
6:48 of 1st period - Shot Misses the Net.
6:54 of 1st period - Josh Anderson is hit by Antti Suomela.
8:05 of 1st period - Snap shot by Eric Robinson.
8:05 of 1st period - Stopped by Ilya Samsonov with a rebound.
8:07 of 1st period - Snap shot by Frederick Gaudreau.
8:07 of 1st period - Stopped by Ilya Samsonov with a rebound.
8:09 of 1st period - Slapshot by Samuel Girard.
8:09 of 1st period - Stopped by Ilya Samsonov with a rebound.
8:11 of 1st period - Wrist shot by Alexandre Grenier.
8:11 of 1st period - Stopped by Ilya Samsonov with a rebound.
8:13 of 1st period - Slapshot by Samuel Girard.
8:13 of 1st period - Shot Misses the Net.
8:31 of 1st period - Jakob Chychrun is hit by Corey Shueneman.
8:45 of 1st period - Wrist shot by Nick Suzuki.
8:45 of 1st period - Stopped by Ebbe Siönäs with a rebound.
9:02 of 1st period - Snap shot by Nick Suzuki.
9:02 of 1st period - Stopped by Ebbe Siönäs without a rebound.
9:03 of 1st period - Darroll Powe wins face-off versus Hayden Hodgson in Wolves zone.
9:08 of 1st period - Slapshot by Matthew Tkachuk.
9:08 of 1st period - Shot Misses the Net.
9:39 of 1st period - Snap shot by Wade Allison.
9:39 of 1st period - Shot Blocked by Charlie McAvoy.
10:18 of 1st period - Hayden Hodgson is hit by Pavel Zacha and loses puck.
10:37 of 1st period - Slapshot by Roope Hintz.
10:37 of 1st period - Stopped by Ebbe Siönäs with a rebound.
10:39 of 1st period - Snap shot by J.T. Brown.
10:39 of 1st period - Shot Misses the Net.
10:41 of 1st period - Snap shot by Joel Eriksson Ek.
10:41 of 1st period - Deflect By J.T. Brown.
10:41 of 1st period - Shot Misses the Net.
10:41 of 1st period - Puck is out of play.
10:42 of 1st period - Jake Evans wins face-off versus Joel Eriksson Ek in Wolves zone.
10:42 of 1st period - Jake Evans is hit by Joel Eriksson Ek.
10:50 of 1st period - Slapshot by Jake Evans.
10:50 of 1st period - Shot Blocked by J.T. Brown.
11:06 of 1st period - J.T. Brown is hit by Fredrik Olofsson and loses puck.
11:15 of 1st period - Slapshot by Wade Allison.
11:15 of 1st period - Stopped by Ilya Samsonov without a rebound.
11:16 of 1st period - Darroll Powe wins face-off versus Cedric Paquette in Reign zone.
11:50 of 1st period - Off-side.
11:51 of 1st period - Darroll Powe wins face-off versus Frederick Gaudreau in neutral zone.
12:18 of 1st period - Thomas Spelling is hit by Christian Dvorak and loses puck.
12:33 of 1st period - Minor Penalty to Thomas Spelling for Interference.
12:34 of 1st period - Alexandre Grenier wins face-off versus Roope Hintz in Wolves zone.
12:49 of 1st period - Wrist shot by Roope Hintz.
12:49 of 1st period - Goal by Roope Hintz - Reign : 2 - Wolves : 1.
12:50 of 1st period - Darroll Powe wins face-off versus Frederick Gaudreau in neutral zone.
13:27 of 1st period - Off-side.
13:28 of 1st period - Frederick Gaudreau wins face-off versus Joel Eriksson Ek in neutral zone.
13:45 of 1st period - Snap shot by Eric Robinson.
13:45 of 1st period - Stopped by Ilya Samsonov without a rebound.
13:46 of 1st period - Darroll Powe wins face-off versus Cedric Paquette in Reign zone.
14:18 of 1st period - Snap shot by Roope Hintz.
14:18 of 1st period - Stopped by Ebbe Siönäs with a rebound.
14:20 of 1st period - Slapshot by Roope Hintz.
14:20 of 1st period - Stopped by Ebbe Siönäs without a rebound.
14:21 of 1st period - Antti Suomela wins face-off versus Darroll Powe in Wolves zone.
14:47 of 1st period - Frederick Gaudreau is hit by J.T. Brown.
16:12 of 1st period - Wrist shot by Alexandre Grenier.
16:12 of 1st period - Shot Misses the Net.
16:17 of 1st period - Off-side.
16:18 of 1st period - Christian Dvorak wins face-off versus Cedric Paquette in neutral zone.
17:05 of 1st period - Snap shot by Joel Eriksson Ek.
17:05 of 1st period - Deflect By Jakub Zboril.
17:05 of 1st period - Shot Misses the Net.
17:05 of 1st period - Puck is out of play.
17:06 of 1st period - Joel Eriksson Ek wins face-off versus Antti Suomela in Wolves zone.
17:30 of 1st period - Icing by Thomas Chabot.
17:31 of 1st period - Frederick Gaudreau wins face-off versus Darroll Powe in Reign zone.
17:38 of 1st period - Snap shot by Alexandre Grenier.
17:38 of 1st period - Shot Blocked by Matthew Tkachuk.
18:43 of 1st period - Nick Suzuki is hit by Jake Evans and loses puck.
19:19 of 1st period - Off-side.
19:20 of 1st period - Darroll Powe wins face-off versus Frederick Gaudreau in neutral zone.
19:45 of 1st period - Jakub Zboril is hit by J.T. Brown and loses puck.
Goals for this period are 2 for Reign vs 1 for Wolves.
Shots for this period are 10 for Reign vs 9 for Wolves.

2nd period


0:01 of 2nd period - Darroll Powe wins face-off versus Frederick Gaudreau in neutral zone.
0:10 of 2nd period - Slapshot by Jakob Chychrun.
0:10 of 2nd period - Stopped by Ebbe Siönäs without a rebound.
0:11 of 2nd period - Frederick Gaudreau wins face-off versus Darroll Powe in Wolves zone.
0:16 of 2nd period - Slapshot by Alexandre Grenier.
0:16 of 2nd period - Shot Blocked by Thomas Chabot.
0:18 of 2nd period - Slapshot by Corey Shueneman.
0:18 of 2nd period - Shot Blocked by Pavel Zacha.
0:43 of 2nd period - Wrist shot by Thomas Spelling.
0:43 of 2nd period - Shot Misses the Net.
0:45 of 2nd period - Slapshot by Hayden Hodgson.
0:45 of 2nd period - Stopped by Ilya Samsonov with a rebound.
1:11 of 2nd period - J.T. Brown is hit by Antti Suomela.
3:08 of 2nd period - Wrist shot by Patrik Laine.
3:08 of 2nd period - Stopped by Ebbe Siönäs with a rebound.
3:10 of 2nd period - Slapshot by Christian Dvorak.
3:10 of 2nd period - Stopped by Ebbe Siönäs with a rebound.
3:12 of 2nd period - Wrist shot by Patrik Laine.
3:12 of 2nd period - Shot Blocked by Dylan Coghlan.
3:22 of 2nd period - Slapshot by J.T. Brown.
3:22 of 2nd period - Stopped by Ebbe Siönäs with a rebound.
3:24 of 2nd period - Slapshot by Dylan Blujus.
3:24 of 2nd period - Stopped by Ebbe Siönäs without a rebound.
3:25 of 2nd period - Frederick Gaudreau wins face-off versus Joel Eriksson Ek in Wolves zone.
3:43 of 2nd period - Minor Penalty to Jakob Chychrun for Roughing.
3:44 of 2nd period - Joel Eriksson Ek wins face-off versus Frederick Gaudreau in Reign zone.
5:00 of 2nd period - Wrist shot by Tomas Jurco.
5:00 of 2nd period - Stopped by Ebbe Siönäs without a rebound.
5:01 of 2nd period - Tomas Jurco wins face-off versus Cedric Paquette in Wolves zone.
5:43 of 2nd period - Penalty to Jakob Chychrun is over, Jakob Chychrun is back on ice.
6:11 of 2nd period - Jakub Zboril is hit by J.T. Brown and loses puck.
6:20 of 2nd period - Jason Robertson is hit by Jonah Gadjovich and loses puck.
6:33 of 2nd period - Cedric Paquette is hit by Christian Dvorak and loses puck.
6:48 of 2nd period - Wrist shot by Antti Suomela.
6:48 of 2nd period - Stopped by Ilya Samsonov without a rebound.
6:49 of 2nd period - Antti Suomela wins face-off versus Nick Suzuki in Reign zone.
6:50 of 2nd period - Snap shot by Fredrik Olofsson.
6:50 of 2nd period - Shot Blocked by Nicolas Hague.
6:52 of 2nd period - Slapshot by Jalen Chatfield.
6:52 of 2nd period - Shot Misses the Net.
6:54 of 2nd period - Slapshot by Wade Allison.
6:54 of 2nd period - Shot Misses the Net.
6:56 of 2nd period - Backhand shot by Fredrik Olofsson.
6:56 of 2nd period - Shot Blocked by Henri Jokiharju.
6:58 of 2nd period - Slapshot by Jalen Chatfield.
6:58 of 2nd period - Deflect By Wade Allison.
6:58 of 2nd period - Shot Misses the Net.
6:58 of 2nd period - Puck is out of play.
6:59 of 2nd period - Frederick Gaudreau wins face-off versus Darroll Powe in Reign zone.
7:04 of 2nd period - Snap shot by Alexandre Grenier.
7:04 of 2nd period - Stopped by Ilya Samsonov with a rebound.
7:09 of 2nd period - Off-side.
7:10 of 2nd period - Frederick Gaudreau wins face-off versus Darroll Powe in neutral zone.
7:12 of 2nd period - Minor Penalty to Alexandre Grenier for Holding.
7:13 of 2nd period - Nick Suzuki wins face-off versus Parker Kelly in Wolves zone.
7:16 of 2nd period - Minor Penalty to Nick Suzuki for Holding.
7:17 of 2nd period - Pavel Zacha wins face-off versus Liam O'Brien in Reign zone.
7:23 of 2nd period - Wrist shot by Tomas Jurco.
7:23 of 2nd period - Goal by Tomas Jurco - Reign : 3 - Wolves : 1.
7:24 of 2nd period - Pavel Zacha wins face-off versus Liam O'Brien in neutral zone.
7:27 of 2nd period - Slapshot by Thomas Chabot.
7:27 of 2nd period - Shot Misses the Net.
8:07 of 2nd period - Slapshot by Thomas Chabot.
8:07 of 2nd period - Deflect By Matthew Tkachuk.
8:07 of 2nd period - Shot Blocked by Corey Shueneman.
8:07 of 2nd period - Puck is out of play.
8:08 of 2nd period - Sasha Chmelevski wins face-off versus Roope Hintz in Wolves zone.
8:15 of 2nd period - Snap shot by Sasha Chmelevski.
8:15 of 2nd period - Stopped by Ilya Samsonov without a rebound.
8:16 of 2nd period - Pavel Zacha wins face-off versus Liam O'Brien in Reign zone.
8:27 of 2nd period - Snap shot by Tomas Jurco.
8:27 of 2nd period - Stopped by Ebbe Siönäs without a rebound.
8:28 of 2nd period - Liam O'Brien wins face-off versus Pavel Zacha in Wolves zone.
8:37 of 2nd period - Thomas Chabot is hit by Jalen Chatfield and loses puck.
9:12 of 2nd period - Penalty to Alexandre Grenier is over, Alexandre Grenier is back on ice.
9:16 of 2nd period - Penalty to Nick Suzuki is over, Nick Suzuki is back on ice.
9:34 of 2nd period - Wrist shot by Matthew Tkachuk.
9:34 of 2nd period - Goal by Matthew Tkachuk - Reign : 4 - Wolves : 1.
9:34 of 2nd period - Ukko-Pekka Luukkonen enters game.
9:35 of 2nd period - Joel Eriksson Ek wins face-off versus Frederick Gaudreau in neutral zone.
9:40 of 2nd period - Snap shot by J.T. Brown.
9:40 of 2nd period - Stopped by Ukko-Pekka Luukkonen without a rebound.
9:41 of 2nd period - Joel Eriksson Ek wins face-off versus Frederick Gaudreau in Wolves zone.
9:58 of 2nd period - Dylan Blujus is hit by Alexandre Grenier and loses puck.
10:19 of 2nd period - Eric Robinson is hit by J.T. Brown and loses puck.
10:47 of 2nd period - Wrist shot by Alexandre Grenier.
10:47 of 2nd period - Shot Blocked by Dylan Blujus.
10:49 of 2nd period - Wrist shot by Jakub Zboril.
10:49 of 2nd period - Shot Misses the Net.
10:51 of 2nd period - Wrist shot by Eric Robinson.
10:51 of 2nd period - Stopped by Ilya Samsonov with a rebound.
10:53 of 2nd period - Slapshot by Eric Robinson.
10:53 of 2nd period - Deflect By Frederick Gaudreau.
10:53 of 2nd period - Shot Blocked by Joel Eriksson Ek.
10:53 of 2nd period - Puck is out of play.
10:54 of 2nd period - Cedric Paquette wins face-off versus Darroll Powe in Reign zone.
11:03 of 2nd period - Snap shot by Thomas Spelling.
11:03 of 2nd period - Shot Blocked by Thomas Chabot.
11:05 of 2nd period - Snap shot by Cedric Paquette.
11:05 of 2nd period - Stopped by Ilya Samsonov with a rebound.
11:07 of 2nd period - Slapshot by Thomas Spelling.
11:07 of 2nd period - Goal by Thomas Spelling - Reign : 4 - Wolves : 2.
11:08 of 2nd period - Cedric Paquette wins face-off versus Darroll Powe in neutral zone.
11:42 of 2nd period - Slapshot by Wade Allison.
11:42 of 2nd period - Stopped by Ilya Samsonov without a rebound.
11:43 of 2nd period - Darroll Powe wins face-off versus Frederick Gaudreau in Reign zone.
11:43 of 2nd period - Darroll Powe is hit by Eric Robinson.
12:13 of 2nd period - Wrist shot by Thomas Spelling.
12:13 of 2nd period - Shot Blocked by Christian Dvorak.
12:33 of 2nd period - Snap shot by Jake Evans.
12:33 of 2nd period - Shot Misses the Net.
12:35 of 2nd period - Snap shot by Corey Shueneman.
12:35 of 2nd period - Deflect By Jake Evans.
12:35 of 2nd period - Shot Misses the Net.
12:35 of 2nd period - Puck is out of play.
12:36 of 2nd period - Jake Evans wins face-off versus Darroll Powe in Reign zone.
13:06 of 2nd period - Wrist shot by Alexandre Grenier.
13:06 of 2nd period - Shot Blocked by J.T. Brown.
13:08 of 2nd period - Snap shot by Samuel Girard.
13:08 of 2nd period - Stopped by Ilya Samsonov without a rebound.
13:09 of 2nd period - Frederick Gaudreau wins face-off versus Christian Dvorak in Reign zone.
13:10 of 2nd period - Slapshot by Alexandre Grenier.
13:10 of 2nd period - Shot Misses the Net.
13:12 of 2nd period - Snap shot by Jalen Chatfield.
13:12 of 2nd period - Deflect By Eric Robinson.
13:12 of 2nd period - Stopped by Ilya Samsonov without a rebound.
13:13 of 2nd period - Christian Dvorak wins face-off versus Frederick Gaudreau in Reign zone.
13:20 of 2nd period - Frederick Gaudreau is hit by Patrik Laine and loses puck.
14:17 of 2nd period - Slapshot by Cedric Paquette.
14:17 of 2nd period - Shot Misses the Net.
14:19 of 2nd period - Backhand shot by Jakub Zboril.
14:19 of 2nd period - Stopped by Ilya Samsonov without a rebound.
14:20 of 2nd period - Frederick Gaudreau wins face-off versus Joel Eriksson Ek in Reign zone.
14:25 of 2nd period - Snap shot by Eric Robinson.
14:25 of 2nd period - Stopped by Ilya Samsonov with a rebound.
14:27 of 2nd period - Snap shot by Eric Robinson.
14:27 of 2nd period - Stopped by Ilya Samsonov without a rebound.
14:28 of 2nd period - Darroll Powe wins face-off versus Frederick Gaudreau in Reign zone.
15:03 of 2nd period - Wrist shot by Frederick Gaudreau.
15:03 of 2nd period - Shot Misses the Net.
15:05 of 2nd period - Snap shot by Alexandre Grenier.
15:05 of 2nd period - Deflect By Eric Robinson.
15:05 of 2nd period - Goal by Eric Robinson - Reign : 4 - Wolves : 3.
15:06 of 2nd period - Christian Dvorak wins face-off versus Cedric Paquette in neutral zone.
15:19 of 2nd period - Snap shot by Thomas Spelling.
15:19 of 2nd period - Stopped by Ilya Samsonov with a rebound.
15:21 of 2nd period - Snap shot by Hayden Hodgson.
15:21 of 2nd period - Shot Misses the Net.
15:31 of 2nd period - Alexandre Grenier is hit by Matthew Tkachuk.
16:16 of 2nd period - Off-side.
16:17 of 2nd period - Nick Suzuki wins face-off versus Antti Suomela in neutral zone.
16:19 of 2nd period - Off-side.
16:20 of 2nd period - Antti Suomela wins face-off versus Matthew Tkachuk in neutral zone.
16:31 of 2nd period - Slapshot by Pavel Zacha.
16:31 of 2nd period - Shot Misses the Net.
16:33 of 2nd period - Wrist shot by Darroll Powe.
16:33 of 2nd period - Stopped by Ukko-Pekka Luukkonen with a rebound.
16:45 of 2nd period - Eric Robinson is hit by Dylan Blujus and loses puck.
17:47 of 2nd period - Snap shot by Matthew Tkachuk.
17:47 of 2nd period - Shot Misses the Net.
17:49 of 2nd period - Snap shot by Darroll Powe.
17:49 of 2nd period - Shot Misses the Net.
18:25 of 2nd period - Alexandre Grenier is hit by Joel Eriksson Ek and loses puck.
18:32 of 2nd period - Snap shot by Joel Eriksson Ek.
18:32 of 2nd period - Deflect By Jason Robertson.
18:32 of 2nd period - Stopped by Ukko-Pekka Luukkonen without a rebound.
18:33 of 2nd period - Frederick Gaudreau wins face-off versus Darroll Powe in Wolves zone.
18:40 of 2nd period - Pavel Zacha is hit by Corey Shueneman.
18:54 of 2nd period - Matthew Tkachuk is hit by Alexandre Grenier and loses puck.
19:11 of 2nd period - Matthew Tkachuk is hit by Eric Robinson and loses puck.
19:47 of 2nd period - Snap shot by Matthew Tkachuk.
19:47 of 2nd period - Stopped by Ukko-Pekka Luukkonen with a rebound.
19:49 of 2nd period - Wrist shot by Darroll Powe.
19:49 of 2nd period - Shot Blocked by Corey Shueneman.
19:53 of 2nd period - Slapshot by Matthew Tkachuk.
19:53 of 2nd period - Shot Misses the Net.
19:55 of 2nd period - Slapshot by Jakob Chychrun.
19:55 of 2nd period - Stopped by Ukko-Pekka Luukkonen without a rebound.
19:56 of 2nd period - Cedric Paquette wins face-off versus Christian Dvorak in Wolves zone.
Goals for this period are 2 for Reign vs 2 for Wolves.
Shots for this period are 14 for Reign vs 15 for Wolves.

3rd period


0:01 of 3rd period - Cedric Paquette wins face-off versus Christian Dvorak in neutral zone.
0:26 of 3rd period - Jakub Zboril is hit by Charlie McAvoy.
0:30 of 3rd period - Wrist shot by J.T. Brown.
0:30 of 3rd period - Shot Misses the Net.
0:32 of 3rd period - Slapshot by Dylan Blujus.
0:32 of 3rd period - Stopped by Ukko-Pekka Luukkonen with a rebound.
0:46 of 3rd period - Slapshot by Josh Anderson.
0:46 of 3rd period - Stopped by Ukko-Pekka Luukkonen with a rebound.
0:48 of 3rd period - Snap shot by Dylan Blujus.
0:48 of 3rd period - Shot Blocked by Jalen Chatfield.
1:18 of 3rd period - Wrist shot by Jonah Gadjovich.
1:18 of 3rd period - Stopped by Ilya Samsonov with a rebound.
1:32 of 3rd period - Slapshot by Jakub Zboril.
1:32 of 3rd period - Deflect By Thomas Chabot.
1:32 of 3rd period - Stopped by Ilya Samsonov with a rebound.
2:25 of 3rd period - Minor Penalty to Fredrik Olofsson for Tripping.
2:26 of 3rd period - Alexandre Grenier wins face-off versus Nick Suzuki in Wolves zone.
2:41 of 3rd period - Slapshot by Frederick Gaudreau.
2:41 of 3rd period - Stopped by Ilya Samsonov with a rebound.
2:43 of 3rd period - Snap shot by Frederick Gaudreau.
2:43 of 3rd period - Stopped by Ilya Samsonov without a rebound.
2:44 of 3rd period - Roope Hintz wins face-off versus Alexandre Grenier in Reign zone.
2:55 of 3rd period - Slapshot by Thomas Chabot.
2:55 of 3rd period - Stopped by Ukko-Pekka Luukkonen without a rebound.
2:56 of 3rd period - Matthew Tkachuk wins face-off versus Alexandre Grenier in Wolves zone.
2:59 of 3rd period - Wrist shot by Pavel Zacha.
2:59 of 3rd period - Stopped by Ukko-Pekka Luukkonen without a rebound.
3:00 of 3rd period - Alexandre Grenier wins face-off versus Pavel Zacha in Wolves zone.
3:11 of 3rd period - Slapshot by Thomas Chabot.
3:11 of 3rd period - Shot Misses the Net.
3:33 of 3rd period - Snap shot by Jason Robertson.
3:33 of 3rd period - Stopped by Ukko-Pekka Luukkonen without a rebound.
3:34 of 3rd period - Alexandre Grenier wins face-off versus Roope Hintz in Wolves zone.
3:41 of 3rd period - Slapshot by Charlie McAvoy.
3:41 of 3rd period - Shot Misses the Net.
4:09 of 3rd period - Wrist shot by Patrik Laine.
4:09 of 3rd period - Shot Misses the Net.
4:11 of 3rd period - Slapshot by Christian Dvorak.
4:11 of 3rd period - Shot Blocked by Thomas Spelling.
4:20 of 3rd period - Minor Penalty to Jalen Chatfield for Slashing.
4:21 of 3rd period - Alexandre Grenier wins face-off versus Nick Suzuki in Wolves zone.
4:25 of 3rd period - Penalty to Fredrik Olofsson is over, Fredrik Olofsson is back on ice.
6:20 of 3rd period - Penalty to Jalen Chatfield is over, Jalen Chatfield is back on ice.
6:34 of 3rd period - Backhand shot by Thomas Chabot.
6:34 of 3rd period - Shot Blocked by Jalen Chatfield.
6:36 of 3rd period - Slapshot by Tomas Jurco.
6:36 of 3rd period - Shot Misses the Net.
6:38 of 3rd period - Slapshot by Thomas Chabot.
6:38 of 3rd period - Shot Blocked by Corey Shueneman.
7:07 of 3rd period - Snap shot by Jake Evans.
7:07 of 3rd period - Stopped by Ilya Samsonov with a rebound.
7:41 of 3rd period - Slapshot by Antti Suomela.
7:41 of 3rd period - Shot Misses the Net.
7:43 of 3rd period - Wrist shot by Wade Allison.
7:43 of 3rd period - Shot Misses the Net.
8:04 of 3rd period - Snap shot by Nick Suzuki.
8:04 of 3rd period - Shot Misses the Net.
8:35 of 3rd period - Snap shot by Jonah Gadjovich.
8:35 of 3rd period - Stopped by Ilya Samsonov with a rebound.
8:37 of 3rd period - Wrist shot by Wade Allison.
8:37 of 3rd period - Stopped by Ilya Samsonov without a rebound.
8:38 of 3rd period - Antti Suomela wins face-off versus Darroll Powe in Reign zone.
8:39 of 3rd period - Snap shot by Wade Allison.
8:39 of 3rd period - Stopped by Ilya Samsonov without a rebound.
8:40 of 3rd period - Darroll Powe wins face-off versus Antti Suomela in Reign zone.
8:40 of 3rd period - Darroll Powe is hit by Wade Allison.
9:08 of 3rd period - Snap shot by Samuel Girard.
9:08 of 3rd period - Shot Blocked by Darroll Powe.
9:10 of 3rd period - Slapshot by Fredrik Olofsson.
9:10 of 3rd period - Goal by Fredrik Olofsson - Reign : 4 - Wolves : 4.
9:11 of 3rd period - Cedric Paquette wins face-off versus Christian Dvorak in neutral zone.
9:14 of 3rd period - Slapshot by Jalen Chatfield.
9:14 of 3rd period - Stopped by Ilya Samsonov with a rebound.
9:24 of 3rd period - Snap shot by Cedric Paquette.
9:24 of 3rd period - Shot Blocked by Charlie McAvoy.
9:26 of 3rd period - Slapshot by Jalen Chatfield.
9:26 of 3rd period - Shot Blocked by Thomas Chabot.
10:01 of 3rd period - Wade Allison is hit by Darroll Powe and loses puck.
10:19 of 3rd period - Icing by Dylan Blujus.
10:20 of 3rd period - Nick Suzuki wins face-off versus Jake Evans in Reign zone.
10:55 of 3rd period - Snap shot by Jakob Chychrun.
10:55 of 3rd period - Shot Misses the Net.
11:57 of 3rd period - Wrist shot by Nick Suzuki.
11:57 of 3rd period - Stopped by Ukko-Pekka Luukkonen with a rebound.
12:15 of 3rd period - Wrist shot by Nick Suzuki.
12:15 of 3rd period - Stopped by Ukko-Pekka Luukkonen with a rebound.
12:17 of 3rd period - Snap shot by Tomas Jurco.
12:17 of 3rd period - Shot Misses the Net.
12:19 of 3rd period - Wrist shot by Jakob Chychrun.
12:19 of 3rd period - Shot Blocked by Frederick Gaudreau.
12:21 of 3rd period - Slapshot by Dylan Blujus.
12:21 of 3rd period - Shot Misses the Net.
12:23 of 3rd period - Wrist shot by Nick Suzuki.
12:23 of 3rd period - Shot Blocked by Samuel Girard.
12:31 of 3rd period - Snap shot by Nick Suzuki.
12:31 of 3rd period - Shot Misses the Net.
12:33 of 3rd period - Wrist shot by Tomas Jurco.
12:33 of 3rd period - Deflect By Samuel Girard.
12:33 of 3rd period - Shot Misses the Net.
12:33 of 3rd period - Puck is out of play.
12:34 of 3rd period - Christian Dvorak wins face-off versus Cedric Paquette in Wolves zone.
13:00 of 3rd period - Wade Allison is hit by Joel Eriksson Ek and loses puck.
13:27 of 3rd period - Wrist shot by Jonah Gadjovich.
13:27 of 3rd period - Stopped by Ilya Samsonov with a rebound.
13:41 of 3rd period - Snap shot by Thomas Spelling.
13:41 of 3rd period - Stopped by Ilya Samsonov with a rebound.
13:43 of 3rd period - Snap shot by Cedric Paquette.
13:43 of 3rd period - Shot Misses the Net.
13:45 of 3rd period - Slapshot by Jakub Zboril.
13:45 of 3rd period - Stopped by Ilya Samsonov with a rebound.
14:42 of 3rd period - Off-side.
14:43 of 3rd period - Jake Evans wins face-off versus Christian Dvorak in neutral zone.
14:45 of 3rd period - Off-side.
14:46 of 3rd period - Christian Dvorak wins face-off versus Jake Evans in neutral zone.
15:01 of 3rd period - Wrist shot by Jonah Gadjovich.
15:01 of 3rd period - Goal by Jonah Gadjovich - Reign : 4 - Wolves : 5.
15:02 of 3rd period - Joel Eriksson Ek wins face-off versus Wade Allison in neutral zone.
15:27 of 3rd period - Jakub Zboril is hit by Pavel Zacha and loses puck.
15:44 of 3rd period - Minor Penalty to Jakob Chychrun for High sticking.
15:45 of 3rd period - Frederick Gaudreau wins face-off versus Joel Eriksson Ek in Reign zone.
16:50 of 3rd period - Alexandre Grenier is hit by Dylan Blujus and loses puck.
17:37 of 3rd period - Alexandre Grenier is hit by Joel Eriksson Ek and loses puck.
17:44 of 3rd period - Penalty to Jakob Chychrun is over, Jakob Chychrun is back on ice.
17:52 of 3rd period - Patrik Laine is hit by Antti Suomela and loses puck.
18:29 of 3rd period - Wrist shot by Matthew Tkachuk.
18:29 of 3rd period - Goal by Matthew Tkachuk - Reign : 5 - Wolves : 5.
18:30 of 3rd period - Antti Suomela wins face-off versus Jason Robertson in neutral zone.
18:33 of 3rd period - J.T. Brown is hit by Wade Allison.
19:12 of 3rd period - Minor Penalty to Nick Suzuki for Tripping.
19:13 of 3rd period - Joel Eriksson Ek wins face-off versus Frederick Gaudreau in Reign zone.
19:50 of 3rd period - Backhand shot by Thomas Spelling.
19:50 of 3rd period - Shot Misses the Net.
Goals for this period are 1 for Reign vs 2 for Wolves.
Shots for this period are 8 for Reign vs 14 for Wolves.

Overtime #1


0:01 of 1st overtime period - Alexandre Grenier wins face-off versus Darroll Powe in neutral zone.
0:14 of 1st overtime period - Snap shot by Alexandre Grenier.
0:14 of 1st overtime period - Shot Misses the Net.
0:52 of 1st overtime period - Slapshot by Samuel Girard.
0:52 of 1st overtime period - Stopped by Ilya Samsonov without a rebound.
0:53 of 1st overtime period - Darroll Powe wins face-off versus Alexandre Grenier in Reign zone.
1:12 of 1st overtime period - Penalty to Nick Suzuki is over, Nick Suzuki is back on ice.
1:23 of 1st overtime period - Slapshot by Tomas Jurco.
1:23 of 1st overtime period - Deflect By Pavel Zacha.
1:23 of 1st overtime period - Stopped by Ukko-Pekka Luukkonen with a rebound.
2:15 of 1st overtime period - Wrist shot by Roope Hintz.
2:15 of 1st overtime period - Shot Misses the Net.
2:29 of 1st overtime period - Wrist shot by Nick Suzuki.
2:29 of 1st overtime period - Shot Blocked by Cedric Paquette.
3:09 of 1st overtime period - Snap shot by Matthew Tkachuk.
3:09 of 1st overtime period - Shot Misses the Net.
3:11 of 1st overtime period - Slapshot by Jakob Chychrun.
3:11 of 1st overtime period - Shot Misses the Net.
3:13 of 1st overtime period - Slapshot by Dylan Blujus.
3:13 of 1st overtime period - Stopped by Ukko-Pekka Luukkonen without a rebound.
3:14 of 1st overtime period - Alexandre Grenier wins face-off versus Roope Hintz in Wolves zone.
3:19 of 1st overtime period - Snap shot by Roope Hintz.
3:19 of 1st overtime period - Deflect By Matthew Tkachuk.
3:19 of 1st overtime period - Stopped by Ukko-Pekka Luukkonen without a rebound.
3:20 of 1st overtime period - Pavel Zacha wins face-off versus Alexandre Grenier in Wolves zone.
3:43 of 1st overtime period - Snap shot by Cedric Paquette.
3:43 of 1st overtime period - Stopped by Ilya Samsonov without a rebound.
3:44 of 1st overtime period - Pavel Zacha wins face-off versus Cedric Paquette in Reign zone.
4:02 of 1st overtime period - Icing by Thomas Chabot.
4:03 of 1st overtime period - Alexandre Grenier wins face-off versus Roope Hintz in Reign zone.
4:04 of 1st overtime period - Snap shot by Frederick Gaudreau.
4:04 of 1st overtime period - Stopped by Ilya Samsonov with a rebound.
4:10 of 1st overtime period - Roope Hintz is hit by Jakub Zboril.
4:20 of 1st overtime period - Frederick Gaudreau is hit by Matthew Tkachuk and loses puck.
4:35 of 1st overtime period - Snap shot by Jalen Chatfield.
4:35 of 1st overtime period - Deflect By Alexandre Grenier.
4:35 of 1st overtime period - Stopped by Ilya Samsonov with a rebound.
4:53 of 1st overtime period - Alexandre Grenier is hit by Roope Hintz.
Goals for this period are 0 for Reign vs 0 for Wolves.
Shots for this period are 3 for Reign vs 4 for Wolves.

ShootOut


5:00 of 1st overtime period - Round #1.
5:00 of 1st overtime period - Reign, Nick Suzuki.
5:00 of 1st overtime period - Deke by Nick Suzuki.
5:00 of 1st overtime period - Stopped by Ukko-Pekka Luukkonen.
5:00 of 1st overtime period - Wolves, Alexandre Grenier.
5:00 of 1st overtime period - Wrist shot by Alexandre Grenier.
5:00 of 1st overtime period - Stopped by Ilya Samsonov.
5:00 of 1st overtime period - Round #2.
5:00 of 1st overtime period - Reign, Pavel Zacha.
5:00 of 1st overtime period - Snap shot by Pavel Zacha.
5:00 of 1st overtime period - Shot Misses the Net.
5:00 of 1st overtime period - Wolves, Frederick Gaudreau.
5:00 of 1st overtime period - Snap shot by Frederick Gaudreau.
5:00 of 1st overtime period - Stopped by Ilya Samsonov.
5:00 of 1st overtime period - Round #3.
5:00 of 1st overtime period - Reign, Darroll Powe.
5:00 of 1st overtime period - Backhand shot by Darroll Powe.
5:00 of 1st overtime period - Goal by Darroll Powe.
5:00 of 1st overtime period - Wolves, Cedric Paquette.
5:00 of 1st overtime period - Backhand shot by Cedric Paquette.
5:00 of 1st overtime period - Stopped by Ilya Samsonov.